 Dungeon Crawl Stone Soup version 0.28.0-53-g5a82cb258f (webtiles) character file.

Game seed: 8255034526960295778

256262 greasedhog the Hoplite (level 20, 0/162 HPs)
             Began as a Formicid Fighter on May 21, 2022.
             Was a High Priest of Okawaru.
             Slain by a caustic shrike (3 damage)
             ... on level 1 of the Depths on May 23, 2022.
             The game lasted 02:19:49 (53989 turns).

greasedhog the Hoplite (Formicid Fighter)          Turns: 53989, Time: 02:19:49

Health: 0/162      AC:  0    Str: 33    XL:     20   Next: 60%
Magic:  0/29       EV: 15    Int: 13    God:    Okawaru [*****.]
Gold:   3411       SH: 28    Dex: 10    Spells: 19/19 levels left

rFire   + . .      SeeInvis +   E - +1 triple sword (vorpal)
rCold   . . .      Faith    .   c - +4 tower shield {reflect}
rNeg    + + .      Spirit   +   p - +3 pearl dragon scales
rPois   .          Reflect  +   (helmet unavailable)
rElec   +          Harm     .   I - +2 cloak {Stlth+}
rCorr   .          Rampage  +   (no gloves)
Will    ++...      Clarity  +   U - +2 pair of boots {rampage}
Stlth   ++........              W - amulet of guardian spirit
HPRegen 0.37/turn               F - ring of protection from fire
MPRegen 0.21/turn               X - ring "Icwu" {Contam rN+ AC+4 Str+3 Int+3}

@: heroic, finesse-ful, corroded, invisible
A: permanent stasis, dig shafts and tunnels, antennae 3, four strong arms,
clarity, clever 1, electricity resistance, noise suppression
}: 2/15 runes: decaying, serpentine
a: Dig, Shaft Self, Renounce Religion, Heroism, Finesse, Duel


You were on level 1 of the Depths.
You worshipped Okawaru.
Okawaru was extremely pleased with you.
You visited 7 branches of the dungeon, and saw 34 of its levels.

You collected 3722 gold pieces.
You spent 311 gold pieces at shops.

Inventory:

Hand Weapons
 E - a +1 vorpal triple sword (weapon)
 M - the +7 arbalest "Utyor" {freeze, rC+}
   (Okawaru gifted it to you on level 1 of the Swamp)

   Any ammunition fired from it freezes those it strikes, dealing additional
   cold damage.
   It can also slow down cold-blooded creatures.
   rC:        It protects you from cold.
 P - a +3 great sword of holy wrath
 Y - a +1 great sword of flaming
Missiles
 y - 7 throwing nets (quivered)
 B - 238 bolts
Armour
 c - a +4 tower shield of reflection (worn)
 p - +3 pearl dragon scales (worn)
 I - a +2 cloak of stealth (worn)
 U - a +2 pair of boots of rampaging (worn)
Jewellery
 a - a ring of flight
 b - a ring of willpower
 o - a ring of poison resistance
 F - a ring of protection from fire (left hand)
 G - a ring of willpower
 Q - a +6 ring of strength
 W - an amulet of guardian spirit (around neck)
 X - the ring "Icwu" (right hand) {Contam rN+ AC+4 Str+3 Int+3}
   (You found it on level 12 of the Dungeon)

   [ring of protection]

   AC:        It affects your AC (+4).
   Str:       It affects your strength (+3).
   Int:       It affects your intelligence (+3).
   rN:        It protects you from negative energy.
   Contam:    It causes magical contamination when unequipped.
Wands
 j - a wand of iceblast (12)
 q - a wand of flame (69)
 r - a wand of polymorph (16)
 z - a wand of mindburst (21)
 K - a wand of digging (6)
 O - a wand of acid (24)
Scrolls
 h - 4 scrolls of vulnerability
 k - 5 scrolls of magic mapping
 n - 4 scrolls of amnesia
 w - 4 scrolls of fog
 D - 5 scrolls of fear
 H - 3 scrolls of silence
 N - 6 scrolls of identify
 Z - a scroll of immolation
Potions
 d - a potion of heal wounds
 f - 3 potions of lignification
 g - 5 potions of flight
 i - 9 potions of curing
 m - 6 potions of attraction
 s - 3 potions of cancellation
 v - 3 potions of brilliance
 x - 4 potions of ambrosia
 A - 2 potions of might
 J - 2 potions of magic
 R - a potion of resistance
Miscellaneous
 L - a piece from Xom's chessboard (15/15)


   Skills:
 - Level 15.0(20.0) Fighting
 * Level 18.6(23.6) Long Blades
 * Level 9.0(14.0) Crossbows
 - Level 10.2(15.2) Armour
 - Level 10.0(15.0) Dodging
 - Level 22.9(27) Shields
 - Level 12.3 Invocations
 - Level 4.0 Evocations


You had 19 spell levels left.
You didn't know any spells.
Your spell library contained the following spells:

 Spells                   Type           Power      Damage    Failure   Level
 Pain                     Necr           0%         1d4       47%         1
 Sandblast                Erth           0%         2d4       47%         1
 Shock                    Conj/Air       0%         1d3       47%         1
 Slow                     Hex            0%         N/A       47%         1
 Sting                    Tmut/Pois      0%         1d3       47%         1
 Corpse Rot               Necr/Air       0%         N/A       63%         2
 Passwall                 Tmut/Erth      0%         N/A       63%         2
 Poisonous Vapours        Pois/Air       0%         N/A       63%         2
 Static Discharge         Conj/Air       0%         N/A       63%         2
 Confusing Touch          Hex            0%         N/A       85%         3
 Dazzling Flash           Conj/Hex       0%         N/A       85%         3
 Gell's Gravitas          Tloc           0%         N/A       85%         3
 Lesser Beckoning         Tloc           0%         N/A       85%         3
 Ozocubu's Armour         Ice            0%         N/A       85%         3
 Stone Arrow              Conj/Erth      0%         3d7       85%         3
 Teleport Other           Tloc           0%         N/A       85%         3
 Vampiric Draining        Necr           0%         2d6       85%         3
 Airstrike                Air            0%         N/A       99%         4
 Anguish                  Hex/Necr       0%         N/A       99%         4
 Dispel Undead            Necr           0%         3d6       99%         4
 Fulminant Prism          Conj/Hex       0%         3d6       99%         4
 Iskenderun's Mystic Bla  Conj/Tloc      0%         2d3       99%         4
 Olgreb's Toxic Radiance  Pois           0%         N/A       99%         4
 Lee's Rapid Deconstruct  Erth           0%         3d5*      100%        5
 Lightning Bolt           Conj/Air       0%         1d11      100%        5
 Manifold Assault         Tloc           0%         N/A       100%        5
 Metabolic Englaciation   Hex/Ice        0%         N/A       100%        5
 Starburst                Conj/Fire      0%         6d3       100%        6
 Statue Form              Tmut/Erth      0%         N/A       100%        6
 Enfeeble                 Hex            0%         N/A       100%        7
 Orb of Destruction       Conj           0%         9d5       100%        7
 Lehudib's Crystal Spear  Conj/Erth      0%         10d2      100%        8
 Maxwell's Capacitive Co  Air            0%         ∞         100%        8
 Animate Skeleton         Necr           Unusable   N/A       N/A         1
 Blink                    Tloc           Unusable   N/A       N/A         2
 Summon Guardian Golem    Hex/Summ       Unusable   N/A       N/A         3
 Swiftness                Air            Unusable   N/A       N/A         3
 Tukima's Dance           Hex            Unusable   N/A       N/A         3
 Animate Armour           Summ/Erth      Unusable   N/A       N/A         4
 Death Channel            Necr           Unusable   N/A       N/A         6
 Simulacrum               Ice/Necr       Unusable   N/A       N/A         6
 Spellforged Servitor     Conj/Summ      Unusable   N/A       N/A         7

Dungeon Overview and Level Annotations

Branches:
Dungeon (15/15)            Temple (1/1) D:7            Lair (6/6) D:9
  Swamp (4/4) Lair:3        Snake (4/4) Lair:3        Slime (0/5) Lair:5
    Orc (2/2) D:9             Elf (0/3) Orc:2        Vaults (0/5) D:13
 Depths (2/4) D:15

Altars:
Ashenzari
Cheibriados
Dithmenos
Elyvilon
Fedhas
Gozag
Hepliaklqana
Kikubaaqudgha
Makhleb
Nemelex Xobeh
Okawaru
Qazlal
Ru
Sif Muna
Trog
Uskayaw
Vehumet
Wu Jian
Xom
Yredelemnul
Zin
The Shining One
Beogh
Lugonu

Shops:
D:6 *   D:8 *   D:14 (   Orc:2 =[**(

Portals:
Hell: Depths:1
Abyss: D:7* Lair:6
Ziggurat: Depths:1

Annotations:
D:14 2 transporters, pkoi's ghost, journeyman DgCj
Lair:5 exclusion: 2 oklob plants


Innate Abilities, Weirdness & Mutations

You cannot be hasted, slowed, berserked, paralysed or teleported.
You can dig through walls and to a lower floor.
You have a pair of large antennae on your head. (SInv)
Your four strong arms can wield two-handed weapons with a shield.
You possess an exceptional clarity of mind.
Your mind is acute. (Int +2)
You are resistant to electric shocks. (rElec)
You passively dampen the noise of your surroundings.


Message History

* * * LOW HITPOINT WARNING * * *
You block the brown ugly thing's attack.
Okay, then.
Okay, then.
You fade into invisibility!
The caustic shrike completely misses you. x2
You block the brown ugly thing's attack.
You feel much better. The caustic shrike claws you!!
* * * LOW HITPOINT WARNING * * *
The acid corrodes you!
You are splashed with acid.
* * * LOW HITPOINT WARNING * * *
You block the caustic shrike's attack.
You block the brown ugly thing's attack.
You block the caustic shrike's attack.
The brown ugly thing tentacle-slaps you!
* * * LOW HITPOINT WARNING * * *
The acid corrodes you!
You are splashed with acid!
* * * LOW HITPOINT WARNING * * *
The caustic shrike claws you!
* * * LOW HITPOINT WARNING * * *
You are splashed with acid!
* * * LOW HITPOINT WARNING * * *
You feel much better. The caustic shrike misses you.
You block the caustic shrike's attack.
Okay, then.
As you read the scroll of fog, it crumbles to dust.
The scroll dissolves into smoke.
You block the caustic shrike's attack. x2
The brown ugly thing completely misses you.
You block the caustic shrike's attack. The caustic shrike closely misses you.
You feel much better. The caustic shrike claws you!
* * * LOW HITPOINT WARNING * * *
You are splashed with acid.
* * * LOW HITPOINT WARNING * * *
The caustic shrike claws you!!
* * * LOW HITPOINT WARNING * * *
The acid corrodes you!
You are splashed with acid!
* * * LOW HITPOINT WARNING * * *
The caustic shrike claws you.
You die...

#..................###
#.................## #
#..........>......# #
##......:..........#
#......§§§§.......##
###...§§§§§......##
###..§§§§......#
##§bu(......##
#@.........##
#...........#
###.........####
#......).....##
#.............#
##.............#
##.............##
##.............##
#...........).##


You could see a caustic shrike and a brown ugly thing.

Vanquished Creatures
  Vashnia (Snake:4)
  Bai Suzhen (Arena)
  Nikola (Swamp:4)
  Rupert (Arena)
  A lich (D:15)
  Gastronok (Arena)
  A sphinx (D:12)
  A thorn hunter (Swamp:4)
  Roxanne (Arena)
  6 nagarajas
  A fenstrider witch (Swamp:4)
  2 frost giants
  An orc warlord (Orc:2)
  3 ghouls (Swamp:4)
  5 stone giants
  5 very ugly things
  An eleionoma (Swamp:2)
  The ghost of Ypnoquwn the Blocker, a journeyman GnFi of Okawaru (Lair:5)
  5 bunyips
  Nessos (Lair:6)
  An ettin (shapeshifter) (D:14)
  An ettin (D:15)
  A fire dragon (D:15)
  The ghost of Rudyous the Fighter, a journeyman MiFi of Makhleb (D:12)
  2 great orbs of eyes (Depths:1)
  3 shambling mangroves
  15 naga warriors
  23 hydras
  7 salamander tyrants
  A spriggan air mage (Swamp:1)
  Harold (Lair:2)
  8 vault guards (D:13)
  3 boulder beetles
  A death knight (D:12)
  2 ghost crabs
  9 centaur warriors
  2 ogre magi (D:15)
  4 rakshasas (Depths:1)
  Erica (D:10)
  4 anacondas
  2 catoblepae
  10 two-headed ogres
  9 death yaks
  2 deep troll shamans (D:15)
  7 alligators
  3 deep troll earth magi
  3 spriggan berserkers
  17 naga sharpshooters
  2 tengu warriors
  An orc high priest (Arena)
  6 shock serpents
  3 thrashing horrors (Lair:6)
  A shadow wraith (D:12)
  2 iron trolls (D:15)
  8 sea snakes
  4 goliath frogs
  4 salamander mystics
  A death drake (Swamp:1)
  A flayed ghost (D:12)
  11 swamp dragons
  13 bog bodies
  10 naga ritualists
  4 deep trolls (D:15)
  8 mana vipers
  17 ugly things
  4 orc knights
  A wolf spider zombie (D:12)
  3 orc sorcerers
  2 will-o-the-wisps
  3 deep elf pyromancers
  A manticore (D:14)
  12 salamanders
  9 cyclopes
  A spectral centaur (D:12)
  A toenail golem (D:7)
  13 elephants
  A guardian serpent (shapeshifter) (D:14)
  A guardian serpent (Arena)
  40 black mambas
  3 smoke demons (Lair:6)
  11 naga magi
  13 cane toads
  2 gargoyles
  2 efreet
  A freezing wraith (D:12)
  5 yaktaurs (D:15)
  4 komodo dragons
  An unseen horror (D:12)
  3 ancient zymes
  6 tengu conjurers
  The ghost of Zeld the Ogre Mage, an amateur OgTm of Nemelex Xobeh (D:4)
  8 trolls
  A troll (shapeshifter) (D:14)
  3 bloated husks
  7 tyrant leeches
  A polar bear (Lair:4)
  A tarantella (shapeshifter) (D:15)
  Grinder (D:6)
  A wind drake (shapeshifter) (Lair:6)
  8 hornets
  32 blink frogs
  6 slime creatures
  5 dream sheep (Lair:5)
  Sigmund (D:6)
  3 centaur simulacra
  2 vampires (D:11)
  3 shadows
  9 wyverns
  A ynoxinul (Lair:6)
  7 spriggans
  54 yaks
  5 wraiths
  A chaos spawn (Lair:6)
  A large abomination (Lair:6)
  11 basilisks
  2 steam dragons
  11 vampire mosquitoes
  3 wargs
  10 swamp worms
  60 nagas
  Edmund (D:6)
  A spectral hornet (D:12)
  13 water moccasins
  2 acid dragons
  A floating eye (D:15)
  A meliai simulacrum (D:12)
  34 orc warriors
  11 small abominations
  5 swamp drakes (Swamp:4)
  3 ogres
  2 black bears
  14 centaurs
  3 necrophages
  4 boggarts (D:15)
  Blork the orc (Orc:2)
  A kobold brigand (D:7)
  15 bullfrogs
  3 scorpions
  A wyvern zombie (D:8)
  2 water moccasin zombies
  A wight (D:8)
  9 howler monkeys
  8 electric eels
  A crimson imp (D:7)
  A bullfrog zombie (D:6)
  4 centaur zombies
  3 hounds
  A jelly (D:5)
  A centaur skeleton (D:4)
  A bullfrog skeleton (D:6)
  22 orc priests
  A gnoll shaman (D:4)
  8 iguanas
  32 orc wizards
  11 hell rats (Lair:6)
  A hound zombie (D:5)
  A howler monkey zombie (D:8)
  Robin (D:2)
  9 adders
  2 white imps (D:7)
  An adder skeleton (D:4)
  The ghost of Zeld the Sneak, a weakling FoDe (D:7)
  3 dart slugs
  75 orcs
  9 endoplasms
  5 giant cockroaches
  17 goblins
  13 hobgoblins
  7 jackals
  10 quokkas
  9 ball pythons
  4 bats
  6 frilled lizards
  8 kobolds
  6 rats
  A lurking horror (D:7)
1092 creatures vanquished.

Vanquished Creatures (others)
  A fire giant (D:15)
  2 death knights (D:15)
  2 hydras (Swamp:4)
  A bog body (Swamp:4)
  A cyclops (D:15)
  A bloated husk (Swamp:2)
  A hornet (Swamp:2)
  3 foxfires (Swamp:3)
  18 fungi
  38 plants
68 creatures vanquished.

Grand Total: 1160 creatures vanquished

Notes
Turn   | Place    | Note
-------+----------+-------------------------------------------
     0 | D:1      | greasedhog the Formicid Fighter began the quest for the
                  | Orb.
     0 | D:1      | Reached XP level 1. HP: 18/18 MP: 1/1
   126 | D:1      | Reached XP level 2. HP: 3/24 MP: 2/2
   129 | D:1      | Reached skill level 4 in Shields
   485 | D:1      | Reached XP level 3. HP: 29/29 MP: 3/3
   887 | D:2      | Reached XP level 4. HP: 10/35 MP: 4/4
  1185 | D:2      | Noticed Robin
  1242 | D:2      | Found a faded altar of an unknown god.
  1497 | D:2      | Killed Robin
  1594 | D:2      | Reached XP level 5. HP: 36/41 MP: 5/5
  2497 | D:4      | Found a runed translucent door.
  2513 | D:4      | Noticed Zeld's ghost (amateur OgTm)
  2547 | D:4      | Reached skill level 5 in Long Blades
  2609 | D:4      | Noticed a black bear
  2634 | D:4      | Killed a black bear
  2635 | D:4      | Reached XP level 6. HP: 39/47 MP: 6/6
  2849 | D:4      | Reached XP level 7. HP: 44/52 MP: 7/7
  2949 | D:4      | Found a hazy altar of Hepliaklqana.
  3413 | D:4      | Reached skill level 5 in Shields
  3657 | D:5      | Entered Level 5 of the Dungeon
  3827 | D:5      | Noticed a wraith
  3841 | D:5      | Killed a wraith
  3842 | D:5      | Reached XP level 8. HP: 26/58 MP: 8/8
  5220 | D:6      | Noticed Sigmund
  5242 | D:6      | Killed Sigmund
  5247 | D:6      | Noticed Grinder
  5282 | D:6      | Killed Grinder
  5283 | D:6      | Reached skill level 10 in Long Blades
  5283 | D:6      | Reached XP level 9. HP: 48/64 MP: 9/9
  5496 | D:6      | Found Urisynke's Elemental Accessories.
  5625 | D:6      | Noticed Edmund
  5658 | D:6      | HP: 2/64 [Edmund/+3 flail of protection (4)]
  5661 | D:6      | Killed Edmund
  5662 | D:6      | Reached skill level 1 in Evocations
  6631 | D:7      | Noticed an ancient zyme
  6650 | D:7      | Found a transporter.
  6826 | D:7      | Reached skill level 6 in Shields
  6900 | D:7      | Found a transporter.
  6901 | D:7      | Noticed a toenail golem
  7025 | D:7      | Reached XP level 10. HP: 59/70 MP: 10/10
  7312 | D:7      | Found a corrupted altar of Lugonu.
  7315 | D:7      | Found a one-way gate to the infinite horrors of the Abyss.
  7509 | D:7      | Found a staircase to the Ecumenical Temple.
  7576 | Temple   | Entered the Ecumenical Temple
  7645 | Temple   | Became a worshipper of Warmaster Okawaru
  7741 | D:7      | Noticed Zeld's ghost (weakling FoDe)
  7842 | D:7      | You fall into a shaft and drop 2 floors!
  7842 | D:9      | Found a staircase to the Lair.
  8292 | D:9      | Reached skill level 1 in Invocations
  9259 | D:8      | Reached * piety under Okawaru
  9841 | D:8      | Found Wuoluucs's Magic Scroll Emporium.
  9841 | D:8      | Found Amusag's Assorted Antiques.
  9905 | D:8      | Bought a scroll labelled MYIKEAS HOCWE for 31 gold pieces
  9905 | D:8      | Bought a potion of curing for 93 gold pieces
  9905 | D:8      | Bought a small jade amulet for 155 gold pieces
 10346 | D:8      | Reached XP level 11. HP: 63/75 MP: 13/13
 10863 | D:9      | Reached skill level 7 in Shields
 11230 | D:9      | Found an opulent altar of Gozag.
 11731 | D:9      | Reached ** piety under Okawaru
 11907 | D:9      | Reached skill level 8 in Shields
 11960 | D:9      | Reached skill level 5 in Fighting
 12136 | D:9      | Found a staircase to the Orcish Mines.
 12540 | D:10     | Entered Level 10 of the Dungeon
 12857 | D:10     | Noticed Erica
 12869 | D:10     | Killed Erica
 12870 | D:10     | Reached skill level 9 in Shields
 12893 | D:10     | Reached *** piety under Okawaru
 12920 | D:10     | Noticed a two-headed ogre
 12929 | D:10     | Killed a two-headed ogre
 12930 | D:10     | Reached skill level 10 in Shields
 13115 | D:10     | Noticed a two-headed ogre
 13124 | D:10     | Killed a two-headed ogre
 14265 | D:11     | Reached **** piety under Okawaru
 14318 | D:11     | Reached XP level 12. HP: 91/91 MP: 14/14
 14532 | D:11     | Noticed an eight-headed hydra
 14548 | D:11     | Killed a four-headed hydra
 14549 | D:11     | Reached skill level 11 in Shields
 15390 | D:12     | Reached skill level 12 in Shields
 15397 | D:12     | Found a transporter.
 15397 | D:12     | Noticed a shadow wraith
 15397 | D:12     | Noticed Rudyous's ghost (journeyman MiFi)
 15399 | D:12     | Noticed a death knight
 15399 | D:12     | Noticed a flayed ghost
 15470 | D:12     | Noticed a catoblepas
 15507 | D:12     | Killed a catoblepas
 15507 | D:12     | Received a gift from Okawaru
 15919 | D:12     | Noticed a two-headed ogre
 16268 | Lair:1   | Entered Level 1 of the Lair of Beasts
 16383 | Lair:1   | Noticed a death yak
 16423 | Lair:1   | Killed a death yak
 16618 | Lair:1   | Reached skill level 10 in Fighting
 16847 | Lair:1   | Reached skill level 13 in Shields
 16901 | Lair:1   | Reached ***** piety under Okawaru
 16909 | Lair:1   | Noticed a death yak
 16909 | Lair:1   | Noticed a death yak
 16909 | Lair:1   | Noticed a death yak
 16909 | Lair:1   | Noticed a death yak
 16991 | Lair:1   | Noticed a death yak
 17006 | D:9      | Killed a death yak
 17124 | Lair:1   | Killed a death yak
 17144 | Lair:1   | Killed a death yak
 17145 | Lair:1   | Reached skill level 5 in Armour
 17145 | Lair:1   | Reached XP level 13. HP: 54/103 MP: 9/16
 17166 | Lair:1   | Reached skill level 5 in Invocations
 18356 | Lair:2   | Gained mutation: You possess an exceptional clarity of
                  | mind. [potion of mutation]
 18356 | Lair:2   | Gained mutation: You are resistant to electric shocks.
                  | (rElec) [potion of mutation]
 18356 | Lair:2   | Gained mutation: Your mind is acute. (Int +2) [potion of
                  | mutation]
 18356 | Lair:2   | Gained mutation: You passively dampen the noise of your
                  | surroundings. [potion of mutation]
 18624 | Lair:2   | Noticed Gastronok
 18643 | Arena    | Entered the Arena
 18656 | Arena    | Killed Gastronok
 18794 | Lair:2   | Noticed Harold
 18819 | Lair:2   | Killed Harold
 19597 | Lair:3   | Noticed a six-headed hydra
 19605 | Lair:3   | Killed a three-headed hydra
 19923 | Lair:3   | Found a staircase to the Snake Pit.
 20030 | Lair:3   | Found a radiant altar of Vehumet.
 20228 | Lair:3   | Identified the +1 robe "Cani" {rElec rPois Int+7 Dex-2}
                  | (Okawaru gifted it to you on level 3 of the Lair of Beasts)
 20228 | Lair:3   | Received a gift from Okawaru
 20412 | Lair:3   | Reached skill level 10 in Armour
 20607 | Lair:3   | Found a staircase to the Swamp.
 20913 | Lair:3   | Reached skill level 1 in Dodging
 21190 | Lair:3   | Reached XP level 14. HP: 100/110 MP: 20/20
 22596 | Lair:4   | Reached skill level 10 in Invocations
 22983 | Lair:4   | Reached skill level 5 in Dodging
 24371 | Lair:5   | Identified the +7 dire flail "Doud" {drain, Will+} (Okawaru
                  | gifted it to you on level 5 of the Lair of Beasts)
 24371 | Lair:5   | Received a gift from Okawaru
 24878 | Lair:5   | Found a staircase to the Slime Pits.
 25116 | Lair:5   | Found a runed translucent door.
 25117 | Lair:5   | Noticed Ypnoquwn's ghost (journeyman GnFi)
 25495 | Lair:5   | Killed Ypnoquwn's ghost
 25703 | Lair:6   | Entered Level 6 of the Lair of Beasts
 26061 | Lair:6   | Noticed Nessos
 26076 | Lair:6   | Killed Nessos
 26816 | Lair:6   | Reached XP level 15. HP: 79/115 MP: 16/23
 26865 | Lair:6   | Identified the +10 long sword of Ushast {protect, rF+
                  | Dex+2}
 26884 | Lair:6   | Received a gift from Okawaru
 27224 | Lair:6   | Found a corrupted altar of Lugonu.
 27597 | Lair:6   | Identified the +5 scale mail "Iquacoal" {Drain +Inv rF+
                  | MP+9}
 28426 | Orc:1    | Entered Level 1 of the Orcish Mines
 28662 | Orc:2    | Entered Level 2 of the Orcish Mines
 28866 | Orc:2    | Reached skill level 10 in Dodging
 28993 | Orc:2    | Noticed Blork the orc
 29008 | Orc:2    | Killed Blork the orc
 29025 | Arena    | Entered the Arena
 29306 | Orc:2    | Noticed an orc warlord
 29333 | Orc:2    | Killed an orc warlord
 29390 | Orc:2    | Found Pyutuihi's Antique Armour Shop.
 29664 | Orc:2    | Found Plog's Antique Weapon Shop.
 29780 | Orc:2    | Found Fotaocutz's Assorted Antiques.
 29957 | Orc:2    | Found a staircase to the Elven Halls.
 30059 | Orc:2    | Found Negaido's General Store.
 30065 | Orc:2    | Bought a scroll of identify for 32 gold pieces
 30074 | Orc:2    | Found Donammeu's Jewellery Shop.
 30186 | Orc:1    | Reached skill level 14 in Shields
 30819 | D:4      | Killed Zeld's ghost
 31013 | D:7      | Killed Zeld's ghost
 31263 | D:12     | Killed Rudyous's ghost
 31407 | D:12     | Found a transporter.
 31641 | D:12     | Found a stormy altar of Qazlal.
 31735 | D:12     | Noticed a sphinx
 31754 | D:12     | Killed a sphinx
 31755 | D:12     | Reached XP level 16. HP: 110/127 MP: 23/25
 31857 | D:12     | Noticed a frost giant
 31876 | D:12     | Killed a frost giant
 31877 | D:12     | Reached skill level 15 in Shields
 32209 | D:12     | Identified the +9 mace of the Depths {vorpal, Int+3}
 32260 | D:12     | Found the ring of Shadows {Umbra +Inv Stlth+}
 32315 | D:12     | Identified the ring "Icwu" {Contam rN+ AC+4 Str+3 Int+3}
 32947 | D:13     | Found a gate to the Vaults.
 33329 | D:13     | Identified the +0 helmet of Peek-a-Boo {Rampage SInv}
 33354 | D:13     | Identified the amulet of Cinotoix {Faith +Inv Slay+2}
 33527 | D:13     | Reached skill level 16 in Shields
 33543 | D:13     | Identified the +0 ring mail of Hubris {Will+}
 34156 | D:14     | Found Viph's Antique Weapon Shoppe.
 34245 | D:14     | Reached ****** piety under Okawaru
 34307 | D:14     | Received a gift from Okawaru
 34634 | D:14     | Noticed pkoi's ghost (journeyman DgCj)
 34636 | D:14     | Found a transporter.
 34640 | D:14     | Found a transporter.
 34867 | D:14     | Found a sacrificial altar of Ru.
 34912 | D:15     | Entered Level 15 of the Dungeon
 35012 | D:14     | Reached skill level 17 in Shields
 35439 | D:15     | Found a shimmering altar of Xom.
 35478 | D:15     | Received a gift from Okawaru
 35534 | D:15     | Reached XP level 17. HP: 100/138 MP: 26/26
 35707 | D:15     | Found a staircase to the Depths.
 36149 | D:15     | Identified Roxanne's Tome of Earth
 36149 | D:15     | Noticed Roxanne
 36155 | Arena    | Entered the Arena
 36173 | Arena    | Killed Roxanne
 36361 | D:15     | Reached skill level 18 in Shields
 36773 | Snake:1  | Entered Level 1 of the Snake Pit
 37467 | Snake:1  | Noticed Rupert
 37470 | Arena    | Entered the Arena
 37489 | Arena    | Killed Rupert
 37897 | Snake:1  | Reached skill level 19 in Shields
 39334 | Snake:1  | Received a gift from Okawaru
 39335 | Snake:1  | Reached skill level 15 in Fighting
 40065 | Arena    | Entered the Arena
 41081 | Snake:3  | Reached skill level 20 in Shields
 41107 | Snake:3  | Reached XP level 18. HP: 149/149 MP: 27/27
 41334 | Snake:3  | Received a gift from Okawaru
 41795 | Snake:3  | Reached skill level 15 in Long Blades
 42490 | Snake:4  | Entered Level 4 of the Snake Pit
 42754 | Snake:4  | Noticed Vashnia
 42799 | Snake:4  | Reached skill level 21 in Shields
 42833 | Snake:4  | Killed Vashnia
 43312 | Snake:4  | Received a gift from Okawaru
 44520 | Snake:4  | Reached skill level 22 in Shields
 45111 | Snake:4  | Received a gift from Okawaru
 45145 | Snake:4  | Reached XP level 19. HP: 139/155 MP: 28/28
 45228 | Arena    | Entered the Arena
 45242 | Arena    | Entered the Arena
 45465 | Snake:4  | Got a serpentine rune of Zot
 45688 | Swamp:1  | Entered Level 1 of the Swamp
 47033 | Swamp:1  | Reached skill level 1 in Crossbows
 47268 | Swamp:1  | Identified the +7 arbalest "Utyor" {freeze, rC+} (Okawaru
                  | gifted it to you on level 1 of the Swamp)
 47268 | Swamp:1  | Received a gift from Okawaru
 47882 | Arena    | Entered the Arena
 47889 | Arena    | HP: 6/155 [poisoned by a swamp dragon (poison gas)]
 49620 | Swamp:4  | Entered Level 4 of the Swamp
 49745 | Swamp:4  | Noticed Nikola
 49762 | Swamp:4  | Killed Nikola
 49788 | Swamp:4  | Identified the +1 plate armour "Wupt" {rN+ Will+ Regen+}
                  | (Okawaru gifted it to you on level 4 of the Swamp)
 49788 | Swamp:4  | Received a gift from Okawaru
 49805 | Swamp:4  | Reached skill level 5 in Crossbows
 50069 | Swamp:4  | Noticed Bai Suzhen
 50076 | Arena    | Entered the Arena
 50084 | Arena    | Killed Bai Suzhen
 50670 | Swamp:4  | Reached XP level 20. HP: 140/162 MP: 29/29
 51267 | Swamp:4  | Identified the +0 ring mail of Integrity {rF+ Will+ Str-2}
 51547 | Swamp:4  | Got a decaying rune of Zot
 52035 | Depths:1 | Entered Level 1 of the Depths
 52185 | D:15     | Received a gift from Okawaru
 53016 | D:15     | Received a gift from Okawaru
 53783 | Depths:1 | Found a gateway to Hell.
 53793 | Depths:1 | Found a one-way gateway to a ziggurat.
 53871 | Depths:1 | Identified the +7 trident "Xint" {freeze, Contam rElec
                  | Int+5 Stlth+}
 53944 | Depths:2 | Noticed a caustic shrike
 53983 | Depths:1 | HP: 1/162 [acid (9)]
 53988 | Depths:1 | HP: 3/162 [acid (7)]
 53989 | Depths:1 | Slain by a caustic shrike

Illustrated notes

Levels and vault maps discovered:
D:1:      onia_arrival_handbag, layout_rooms
D:2:      cheibrodos_old_hovel, layout_basic, basic_ecumenical_altar, uniq_robin
D:3:      layout_rooms
D:4:      layout_loops_ring, ebering_ghost_sewer_d,
          ebering_dispersal_statue_hall, chequers_serial_rivers_room_a,
          minmay_ruined_shrine
D:5:      layout_basic, chequers_arboretum
D:6:      layout_basic, nicolae_elemental_shop, minivault_4,
          kennysheep_windowed_goal, uniq_sigmund, uniq_edmund, uniq_grinder
D:7:      layout_basic, minmay_temple_entry_fiery,
          gammafunk_ghost_abyssal_escape, amcnicky_altar_lugonu_corruption
D:8:      minmay_razor_zed, layout_basic, nicolae_wooded_promenade
D:9:      layout_stronghold, grunt_gozag_statues, dpeg_oklobed_lair,
          hiddenorc2_lemuel
D:10:     layout_basic, minmay_misc_feat_plants, uniq_erica
D:11:     layout_gridville
D:12:     evilmike_diamond_1, layout_long_grid, serial_glass, glass_columns_a,
          glass_columns_a, gammafunk_ghost_mausoleum, minmay_tree_intersection,
          nicolae_qazlal_eye_of_the_storm
D:13:     layout_loops_cross, erik_vaults_2
D:14:     layout_loops_ring, serial_shops, nicolae_diamond_shop,
          gammafunk_ghost_hive, nicolae_ru_path_of_blood
D:15:     grunt_enter_depths_giant_problem, layout_small_grid,
          xom_confusion_cloud, uniq_roxanne
Temple:   grunt_wide_crystal_templ
Lair:1:   layout_gridlike, grunt_megastairs_2, lemuel_fruit_tree
Lair:2:   layout_cave_pods, lemuel_fruit_fields, uniq_gastronok, uniq_harold
Lair:3:   layout_cave_pods, swamp_mist, minmay_snake_entry_guardpost_medium,
          basic_altar
Lair:4:   layout_big_grid
Lair:5:   layout_regular_city, minmay_slime_entry_oklob_open,
          gammafunk_ghost_grave
Lair:6:   hellmonk_lair_end_abyssal_woods, layout_long_grid, uniq_nessos
Swamp:1:  layout_falls_marsh, infiniplex_staircase_pool, swamp_pool1,
          hangedman_swamp_cone
Swamp:2:  layout_basic_swamp, evilmike_swamp_ruin_house_5, swamp_pool1
Swamp:3:  layout_basic_swamp, serial_swamp_ruin, evilmike_swamp_ruin_house_2,
          evilmike_swamp_ruin_house_6, swamp_pool4
Swamp:4:  swamp_basic_johnstein, layout_basic_swamp, swamp_pool2,
          grunt_witch_cave, uniq_nikola, uniq_bai_suzhen
Snake:1:  layout_layer_cave, uniq_rupert
Snake:2:  layout_basic, drop_trap
Snake:3:  layout_gridlike
Snake:4:  minmay_snake_end_coiled, layout_cave_town, grunt_ministairs_9,
          drop_trap, uniq_vashnia
Orc:1:    layout_caves
Orc:2:    grunt_orc_cross, layout_diamond_mine, serial_shops, shop
Depths:1: layout_cave_shapes, enter_ziggurat_b, hell_entry,
          kennysheep_generic_room_15
Depths:2: minmay_strange_plus, layout_gridlike, gammafunk_ghost_grave,
          pan_entry, hell_entry, serial_bayou_shore_a,
          serial_sigils_hangedman_gut, item_on_display_a,
          infiniplex_staircase_pool_2

Skill      XL: |  1  2  3  4  5  6  7  8  9 10 11 12 13 14 15 16 17 18 19 20 |
---------------+-------------------------------------------------------------+-----
Shields        | 4 5 6 10 13 14 17 20 22 | 22.9
Long Blades    | 3 4 5 6 8 10 12 14 15 17 18 | 18.6
Evocations     | 2 3 4 |  4.0
Invocations    | 2 3 4 8 11 12 | 12.3
Fighting       | 7 10 11 13 15 | 15.0
Armour         | 5 10 | 10.2
Dodging        | 2 8 10 | 10.0
Crossbows      | 7 9 |  9.0

Action                   |  1- 3 |  4- 6 |  7- 9 | 10-12 | 13-15 | 16-18 | 19-21 || total
-------------------------+-------+-------+-------+-------+-------+-------+-------++-------
Melee: Long sword        |    94 |   197 |   256 |   696 |  1545 |  1569 |   368 ||  4725
       Triple sword      |       |       |       |       |       |    20 |   175 ||   195
       Great sword       |       |       |       |       |       |       |    82 ||    82
 Fire: Arbalest          |       |       |       |       |       |       |   163 ||   163
Throw: Throwing net      |       |       |       |     1 |       |       |       ||     1
Invok: Heroism           |       |       |       |    18 |    25 |    11 |    10 ||    64
       Finesse           |       |       |       |     3 |    10 |     4 |     8 ||    25
       Duel              |       |       |       |       |     2 |     3 |     4 ||     9
 Abil: Dig               |       |     1 |       |     1 |       |     1 |       ||     3
Evoke: Wand              |       |       |     6 |     7 |     5 |    11 |     2 ||    31
  Use: Scroll            |     1 |     4 |     4 |    14 |    10 |     9 |     6 ||    48
       Potion            |       |     1 |     1 |     4 |     1 |     1 |    13 ||    21
 Stab: Held in net/web   |       |       |       |     1 |       |       |       ||     1
Armor: Scale mail        |    34 |    33 |       |       |       |       |       ||    67
       Plate armour      |       |   114 |    35 |       |       |       |       ||   149
       Pearl dragon scal |       |       |    66 |   161 |   383 |   175 |   195 ||   980
       Chain mail        |       |       |       |       |       |   174 |    19 ||   193
Dodge: Dodged            |    47 |    73 |    71 |   150 |   355 |   344 |   229 ||  1269
Block: Buckler           |    23 |    36 |    53 |   219 |   614 |    77 |       ||  1022
       Reflection        |       |       |       |     8 |    11 |   189 |    33 ||   241
       Kite shield       |       |       |       |       |       |   523 |       ||   523
       Tower shield      |       |       |       |       |       |   766 |   837 ||  1603
